cohdb
Replays
Latest Replays
All Replays
Popular Replays
Top Player Replays
Match Explorer
How It Works
Community
CoH3 Stats
Reddit
Sign in to upload your games and track your stats! →
Sign in with Steam
Match 47258494
Unlisted
Match 47258494
Overview
Messages
Build Orders
End
Construct Weapon Support Center
Selects Advanced Infantry Battlegroup
M1919 Machine Gun Team
M1919 Machine Gun Team
Construct Barracks
Riflemen Squad
Selects Convert to Ranger Squad
Infantry Support Center
Convert to Ranger Squad
1⁄4-ton 4x4 Truck
Ranger Squad
Selects Frontline Medical Station
Frontline Medical Station
Advanced Logistics
Bazooka Squad
Survival Training
Improved M9 Bazooka Rockets
Bazooka Squad
Selects Ranger Weapon Training
Bazooka Squad
Selects Ammunition Storage
Captain Retinue
Selects M2A1 105mm Howitzer Emplacement
Engineer Squad
Construct Tank Depot
Construct Tank Depot
M4(105) Sherman Bulldozer
M4(105) Sherman Bulldozer
Selects Free Fire Drills
M4(105) Sherman Bulldozer
DonaldD.
Anno3001
TheStorm
Yngvi
6block
Gernhardt Reinlunzen
Sidney
Good day
0
0
Comments
sign in to comment!
No comments posted yet!